 Dungeon Crawl Stone Soup version 0.20.0-6-gd3061e9 (webtiles) character file.

6239 mopl the Geomancer (level 10, -2/69 HPs)
             Began as a Demigod Earth Elementalist on May 28, 2017.
             Killed from afar by an orc wizard (9 damage)
             ... with a magic dart
             ... on level 9 of the Dungeon.
             The game lasted 00:21:17 (8691 turns).

mopl the Geomancer (Demigod Earth Elementalist)     Turns: 8691, Time: 00:21:18

Health: -2/69      AC:  2    Str: 11    XL:     10   Next: 36%
Magic:  20/23      EV: 19    Int: 25    God:
Gold:   585        SH:  0    Dex: 21    Spells: 1/21 levels left

rFire    . . .     SeeInvis .   (weapon currently unavailable)
rCold    . . .     Gourm    .   (shield currently unavailable)
rNeg     . . .     Faith    .   (armour currently unavailable)
rPois    x         Spirit   .   (helmet currently unavailable)
rElec    .         Reflect  .   (cloak currently unavailable)
rCorr    .         Harm     .   (gloves currently unavailable)
MR       +....                  (boots currently unavailable)
Stlth    ++........             (no amulet)
Regen    0.3/turn               (no ring)
MPRegen  0.2/turn               (no ring)

@: spider-form, very slightly contaminated
A: high mp 1
a: End Transformation


You were on level 9 of the Dungeon.
You were not hungry.
You were a venomous arachnid creature.
You visited 1 branch of the dungeon, and saw 9 of its levels.

You collected 585 gold pieces.

Inventory:

Hand Weapons
 a - a cursed +2 spear of freezing (melded)
 k - a +0 dagger
 O - a cursed +1 great sword
Missiles
 b - 94 stones (quivered)
 h - 2 needles of paralysis
 u - 22 poisoned needles
 C - 68 arrows
 K - 2 exploding tomahawks
 Q - 2 tomahawks
Armour
 c - a +0 robe
 m - a +0 shield
 y - a cursed +0 pair of boots (melded)
 F - a +0 helmet (melded)
 I - the +3 leather armour of the Leaf (melded) {rC+}
   (You found it on level 5 of the Dungeon)

   It protects you from cold.
 J - a +0 pair of gloves (melded)
 L - a +0 buckler
Magical Staves
 B - an uncursed staff of cold
Wands
 E - a wand of lightning (7/15)
Scrolls
 f - 6 scrolls of remove curse {unknown}
 i - 2 scrolls of enchant armour {unknown}
 q - 2 scrolls of noise {unknown}
 x - 4 scrolls of blinking {unknown}
 z - 3 scrolls of enchant weapon {unknown}
 H - a scroll of recharging {unknown}
 M - 3 scrolls of teleportation {unknown}
 N - a scroll of amnesia {unknown}
 P - 2 scrolls of immolation {unknown}
Potions
 g - a potion of berserk rage {!q}
 j - a potion of cancellation {unknown}
 l - a potion of agility
 n - 3 potions of heal wounds
 o - 6 potions of curing
 p - a potion of degeneration {unknown}
 s - 2 potions of brilliance
 t - a potion of flight
 v - a potion of invisibility
 D - a potion of lignification {!q}
 G - a potion of resistance {unknown}
Books
 e - a book of Geomancy

   Spells                             Type                      Level
   a - Sandblast                      Earth                        1
   b - Passwall                       Transmutation/Earth          2
   c - Stone Arrow                    Conjuration/Earth            3
   d - Petrify                        Transmutation/Earth          4
   e - Lee's Rapid Deconstruction     Earth                        5
 w - a book of Changes

   Spells                             Type                      Level
   a - Beastly Appendage              Transmutation                1
   b - Sticks to Snakes               Transmutation                2
   c - Spider Form                    Transmutation/Poison         3
   d - Ice Form                       Ice/Transmutation            4
   e - Blade Hands                    Transmutation                5
 R - a book of Conjurations

   Spells                             Type                      Level
   a - Magic Dart                     Conjuration                  1
   b - Searing Ray                    Conjuration                  2
   c - Dazzling Spray                 Conjuration/Hexes            3
   d - Fulminant Prism                Conjuration/Hexes            4
   e - Force Lance                    Conjuration/Translocation    4
   f - Iskenderun's Mystic Blast      Conjuration                  4
Miscellaneous
 S - a lightning rod (4/4)
Comestibles
 d - 8 bread rations
 r - 5 royal jellies
 A - 4 meat rations
 T - 2 chunks of flesh


   Skills:
 - Level 1.7 Dodging
 - Level 1.7 Stealth
 * Level 0.5 Unarmed Combat
 + Level 6.4 Spellcasting
 + Level 6.3 Conjurations
 + Level 6.2 Transmutations
 * Level 10.0 Earth Magic


You had one spell level left.
You knew the following spells:

 Your Spells              Type           Power        Failure   Level  Hunger
a - Sandblast             Erth           ######       1%          1    None
b - Spider Form           Tmut/Pois      ###.......   17%         3    None
c - Stone Arrow           Conj/Erth      #####.       4%          3    None
d - Petrify               Tmut/Erth      #####...     10%         4    ###....
k - Lee's Rapid Deconstr  Erth           ######....   11%         5    #####..
p - Passwall              Tmut/Erth      #####.....   3%          2    None
w - Sticks to Snakes      Tmut           #####...     4%          2    None


Dungeon Overview and Level Annotations

Branches:
Dungeon (9/15)             Temple (0/1) D:7            Lair (0/6) D:8
    Orc: D:9-12

Shops:
D:5 :

Annotations:
D:5 MTVSty1e's ghost, novice MiBe


Innate Abilities, Weirdness & Mutations

You have an increased reservoir of magic. (+10% MP)


Message History

The magic dart hits you!
* * * LOW HITPOINT WARNING * * *
The orc barely misses you.
The orc wizard hits you but does no damage.
You hit the orc wizard but do no damage.
The orc wizard looks even sicker.
The orc wizard is moderately wounded.
The orc wizard hits you but does no damage.
The orc closely misses you.
Unknown command.
The orc closely misses you. The orc wizard casts a spell at you.
The magic dart hits you!
* * * LOW HITPOINT WARNING * * *
Things that are here:
a short sword; a trident Unknown command.
The orc wizard gestures at you while chanting.
The magic dart hits you!
You die...

#..# #.# #.# #.# #.
#..###'###.###'###.
#..'.............+.
#..###'###.###'###.
#..# #.# #.# #.# #.
#..# #.###.###.# #.
#oo# #...'.'...# #.
##)# #####.##### #.
#s# #.# #. #.# #+#
##. #.. ..... ####
..... ..... #####


You could see an orc wizard and an orc.

Vanquished Creatures
  A two-headed ogre (D:8)
  Pikel (D:8)
  A troll (D:8)
  2 hippogriffs (D:7)
  A yak (D:7)
  3 hogs (D:7)
  A human (D:7)
  A black bear (D:7)
  3 orc warriors
  2 ice beasts
  2 slaves (D:8)
  A sky beast (D:9)
  An ogre (D:8)
  A phantom (D:7)
  5 wolves (D:8)
  2 centaurs (D:7)
  A crocodile (D:8)
  2 bullfrogs
  2 wyvern zombies
  A scorpion (D:9)
  5 killer bees (D:8)
  6 electric eels
  4 wights (D:7)
  3 howler monkeys
  5 crimson imps
  A quasit (D:8)
  A jelly (D:8)
  A centaur zombie (D:8)
  2 bullfrog skeletons
  8 hounds
  5 orc priests
  10 orc wizards
  An iron imp (D:7)
  3 iguanas
  Natasha (D:2)
  5 worker ants
  A gnoll (D:1)
  10 adders
  2 shadow imps
  An ooze (D:2)
  2 adder zombies
  An adder skeleton (D:4)
  3 worms
  5 dart slugs
  3 leopard geckos
  31 orcs
  A bat zombie (D:1)
  5 giant cockroaches
  11 goblins
  14 hobgoblins
  4 jackals (D:1)
  3 quokkas
  2 ball pythons
  9 bats
  8 frilled lizards
  A giant cockroach zombie (D:1)
  A jackal skeleton (D:8)
  2 kobolds
  5 rats
220 creatures vanquished.

Vanquished Creatures (others)
  A slave (D:8)
  An adder (D:8)
2 creatures vanquished.

Grand Total: 222 creatures vanquished

Notes
Turn   | Place    | Note
-------+----------+-------------------------------------------
     0 | D:1      | mopl the Demigod Earth Elementalist began the quest for the Orb.
     0 | D:1      | Reached XP level 1. HP: 14/14 MP: 5/5
   102 | D:1      | Reached skill level 2 in Spellcasting
   182 | D:1      | Reached skill level 3 in Earth Magic
   182 | D:1      | Reached XP level 2. HP: 20/20 MP: 3/7
   191 | D:1      | Learned a level 2 spell: Passwall
   640 | D:1      | Reached XP level 3. HP: 26/26 MP: 5/9
   973 | D:2      | Learned a level 3 spell: Stone Arrow
  1291 | D:2      | Reached XP level 4. HP: 29/33 MP: 7/10
  1467 | D:2      | Reached skill level 4 in Earth Magic
  1530 | D:2      | Noticed Natasha
  1535 | D:2      | Killed Natasha
  1771 | D:2      | Reached skill level 1 in Conjurations
  1849 | D:3      | Learned a level 2 spell: Sticks to Snakes
  2037 | D:3      | Reached skill level 3 in Spellcasting
  2443 | D:3      | Reached XP level 5. HP: 38/38 MP: 9/12
  2447 | D:3      | Reached skill level 1 in Transmutations
  3055 | D:4      | Reached skill level 5 in Earth Magic
  3055 | D:4      | Reached XP level 6. HP: 15/45 MP: 5/14
  3269 | D:4      | Reached skill level 2 in Conjurations
  3679 | D:5      | Entered Level 5 of the Dungeon
  3692 | D:5      | Reached skill level 2 in Transmutations
  3824 | D:5      | Got a distressingly furry leather armour
  3846 | D:5      | Identified the +3 leather armour of the Leaf {rC+} (You found it on level 5 of the Dungeon)
  3855 | D:5      | Noticed MTVSty1e's ghost (novice MiBe)
  4175 | D:5      | Reached XP level 7. HP: 40/50 MP: 13/15
  4231 | D:5      | Found Wohipnit's Book Shop.
  4435 | D:6      | Learned a level 5 spell: Lee's Rapid Deconstruction
  5035 | D:6      | Reached skill level 3 in Conjurations
  5035 | D:6      | Reached skill level 6 in Earth Magic
  5105 | D:6      | Reached skill level 3 in Transmutations
  5227 | D:7      | Reached skill level 4 in Spellcasting
  5304 | D:7      | Reached XP level 8. HP: 54/57 MP: 9/17
  5356 | D:7      | Noticed a hippogriff
  5363 | D:7      | Killed a hippogriff
  5380 | D:7      | Reached skill level 7 in Earth Magic
  5403 | D:7      | Noticed a hippogriff
  5409 | D:7      | Killed a hippogriff
  5409 | D:7      | Reached skill level 4 in Conjurations
  5409 | D:7      | Reached skill level 4 in Transmutations
  5650 | D:7      | Found an iron altar of Okawaru.
  5675 | D:7      | Found a staircase to the Ecumenical Temple.
  5770 | D:7      | Found a snail-covered altar of Cheibriados.
  5897 | D:7      | Reached skill level 5 in Spellcasting
  5898 | D:7      | Reached skill level 8 in Earth Magic
  5898 | D:7      | Reached XP level 9. HP: 61/62 MP: 9/20
  5958 | D:8      | Noticed a two-headed ogre
  5964 | D:8      | Killed a two-headed ogre
  5964 | D:8      | Reached skill level 5 in Conjurations
  5964 | D:8      | Reached skill level 5 in Transmutations
  6219 | D:8      | Learned a level 4 spell: Petrify
  6408 | D:8      | Reached skill level 9 in Earth Magic
  6840 | D:8      | Reached skill level 6 in Spellcasting
  6997 | D:8      | Found a staircase to the Lair.
  7032 | D:8      | Reached XP level 10. HP: 41/69 MP: 2/23
  7207 | D:8      | Noticed Pikel
  7242 | D:8      | Killed Pikel
  7242 | D:8      | Reached skill level 6 in Conjurations
  7260 | D:8      | Reached skill level 6 in Transmutations
  8581 | D:9      | Reached skill level 10 in Earth Magic
  8595 | D:9      | Learned a level 3 spell: Spider Form
  8691 | D:9      | Killed from afar by an orc wizard

Skill      XL: |  1  2  3  4  5  6  7  8  9 10 |
---------------+-------------------------------+-----
Spellcasting   | 2 3 4 5 6 |  6.4
Earth Magic    | 3 4 5 6 8 9 10 | 10.0
Conjurations   | 1 2 3 4 5 6 |  6.3
Transmutations | 1 2 3 4 5 6 |  6.2
Dodging        | |  1.7
Stealth        | |  1.7
Unarmed Combat | |  0.5

Action                   |  1- 3 |  4- 6 |  7- 9 | 10-12 || total
-------------------------+-------+-------+-------+-------++-------
Melee: Dagger            |    60 |       |       |       ||    60
       Spear             |    20 |   117 |    75 |    93 ||   305
       Unarmed           |       |       |       |     8 ||     8
 Cast: Sandblast         |    40 |    67 |   113 |    41 ||   261
       Stone Arrow       |       |     2 |     4 |     3 ||     9
       Sticks to Snakes  |       |       |     3 |       ||     3
       Lee's Rapid Decon |       |       |     5 |    11 ||    16
       Petrify           |       |       |     5 |     2 ||     7
       Spider Form       |       |       |       |     1 ||     1
  Use: Scroll            |       |     7 |       |       ||     7
 Stab: Sleeping          |     3 |     7 |     2 |     5 ||    17
       Distracted        |       |     1 |       |       ||     1
       Petrified         |       |       |     9 |     8 ||    17
       Petrifying        |       |       |     1 |       ||     1
  Eat: Chunk             |     1 |    10 |    10 |     8 ||    29
       Fruit             |       |       |       |     1 ||     1
Armor: Robe              |    19 |    21 |       |       ||    40
       Leather armour    |       |     8 |    49 |    37 ||    94
       Skin              |       |       |       |     3 ||     3
Dodge: Dodged            |    62 |    86 |    74 |    83 ||   305
